 Dungeon Crawl Stone Soup version 0.19.0-19-g8c6edcc (webtiles) character file.

2777 Larett the Slinger (level 9, -8/47 HPs)
             Began as a Gargoyle Arcane Marksman on Nov 12, 2016.
             Killed by divine providence
             ... invoked by an orc priest
              (13 damage)
             ... on level 6 of the Dungeon.
             The game lasted 00:20:16 (7452 turns).

Larett the Slinger (Gargoyle Arcane Marksman)       Turns: 7452, Time: 00:20:17

Health: -8/47      AC: 21    Str: 14    XL:     9   Next: 70%
Magic:  10/10      EV:  3    Int: 15    God:
Gold:   321        SH:  5    Dex: 14    Spells: 1 memorised, 9 levels left

rFire  . . .     SeeInvis .     a - +2 short sword (venom)
rCold  . . .     Gourm    .     Y - +0 plate armour
rNeg   + . .     Faith    .     t - +0 buckler
rPois  ∞         Spirit   .     (helmet restricted)
rElec  +         Reflect  +     r - +0 cloak
rCorr  .         Harm     .     (no gloves)
MR     .....                    (no boots)
Stlth  ..........               p - +2 amulet of reflection
                                (no ring)
                                w - +4 ring of protection

@: no status effects
A: fangs 1, horns 1, talons 1, agile 1, negative energy resistance 1, shaggy fur
1, electricity resistance, unbreathing, petrification resistance, rot immunity,
AC +5
a: no special abilities


You were on level 6 of the Dungeon.
You were not hungry.

You visited 1 branch of the dungeon, and saw 7 of its levels.
You also visited: Sewer.

You collected 321 gold pieces.

Inventory:

Hand Weapons
 a - a +2 short sword of venom (weapon)
 b - a +1 hunting sling
 A - a +4 flail of protection
 B - a +0 arbalest
 D - a +0 blowgun
 I - a +1 mace of protection
Missiles
 d - 59 sling bullets
 j - 14 tomahawks (quivered)
 o - 129 arrows
 q - 12 javelins
 v - 151 stones
 Q - 11 poisoned needles
 R - 17 bolts
Armour
 r - a +0 cloak (worn)
 t - a +0 buckler (worn)
 u - a +0 ring mail
 Y - a +0 plate armour (worn)
Jewellery
 p - a +2 amulet of reflection (around neck)
 w - a +4 ring of protection (left hand)
 M - an uncursed amulet of regeneration
 X - an uncursed ring of wizardry
Wands
 e - a wand of polymorph (5/24)
 S - a wand of slowing (9/48)
 W - a wand of paralysis (13/24)
Scrolls
 g - 3 scrolls of fear
 h - 4 scrolls of teleportation
 m - 2 scrolls of blinking
 n - 2 scrolls of enchant weapon
 s - 3 scrolls of remove curse
 z - a scroll of magic mapping {unknown}
 G - a scroll of enchant armour {unknown}
 N - 2 scrolls of amnesia {unknown}
 U - a scroll of vulnerability {unknown}
 V - a scroll of random uselessness {unknown}
Potions
 i - 2 potions of might
 l - 2 potions of resistance
 x - a potion of magic {unknown}
 C - a potion of degeneration {!q}
 E - 2 potions of lignification {unknown}
 J - 3 potions of flight
 K - a potion of invisibility {unknown}
 L - a potion of mutation {!q}
 T - a potion of cancellation {unknown}
Books
 c - a book of Debilitation

   Spells                             Type                      Level
   a - Corona                         Hexes                        1
   b - Slow                           Hexes                        2
   c - Gell's Gravitas                Hexes/Translocation          3
   d - Inner Flame                    Hexes/Fire                   3
   e - Cause Fear                     Hexes                        4
   f - Leda's Liquefaction            Hexes/Earth                  4
 F - a book of Misfortune

   Spells                             Type                      Level
   a - Confusing Touch                Hexes                        1
   b - Confuse                        Hexes                        3
   c - Gell's Gravitas                Hexes/Translocation          3
   d - Petrify                        Transmutation/Earth          4
   e - Metabolic Englaciation         Hexes/Ice                    5
   f - Yara's Violent Unravelling     Hexes/Transmutation          5
Comestibles
 f - 3 bread rations
 H - a meat ration
 O - 3 beef jerkies
 P - 3 fruits
 Z - 10 slices of pizza


   Skills:
 - Level 1.1 Fighting
 + Level 5.1 Short Blades
 - Level 10.7 Slings
 - Level 1.5 Dodging
 - Level 1.0 Spellcasting
 - Level 2.6 Hexes


You had 9 spell levels left.
You knew the following spells:

 Your Spells              Type           Power        Failure   Level  Hunger
a - Corona                Hex            #......      100%        1    ##.....


Dungeon Overview and Level Annotations

Branches:
Dungeon (7/15)
 Temple: D:4-7

Altars:
Cheibriados
Fedhas
Qazlal
Xom
Zin


Innate Abilities, Weirdness & Mutations

You are resistant to torment.
Your stone body is resilient. (AC +5)
You are immune to poison.
You resist negative energy. (rN+)
You are resistant to electric shocks. (rElec)
You can survive without breathing.
You are immune to petrification.
You are immune to rotting.
You have very sharp teeth.
You have a pair of small horns on your head.
You have sharp toenails.
You are agile. (Dex +2)
You are covered in fur. (AC +1)


Message History

* * * LOW HITPOINT WARNING * * *
The orc priest calls down the wrath of Beogh upon you.
Beogh smites you!
* * * LOW HITPOINT WARNING * * *
The black bear bites you but does no damage.
The black bear claws you but does no damage. x2
The black bear bites you.
* * * LOW HITPOINT WARNING * * *
The black bear claws you.
* * * LOW HITPOINT WARNING * * *
You block the black bear's attack.
The sky beast flickers out of sight!
Deactivating autopickup; reactivate with Ctrl-A.
There is a stone staircase leading down here.
The black bear bites you but does no damage.
The black bear claws you but does no damage.
You block the black bear's attack.
The orc priest invokes the aid of Beogh against you.
Beogh smites you!
You die...

#... ...
#.. o.
#..##o#
...##..o.#
......o.#
$...###.##
. #s{#
##h###
#9..#
###...#
.### #


You could see a black bear (berserk), an orc priest, an orc and a giant
cockroach.

Vanquished Creatures
  Sigmund (D:4)
  The ghost of Drenieon the Conjurer, an amateur DECj (D:5)
  A human (D:7)
  The ghost of gribnar the Chopper, an amateur HOMo (D:4)
  A yak (D:7)
  3 hogs (D:7)
  2 ice beasts (D:7)
  An orc warrior (D:7)
  A phantom (D:4)
  2 ogres
  A big kobold (D:7)
  2 bullfrogs (D:7)
  A howler monkey (D:4)
  A centaur zombie (D:5)
  4 hounds
  3 jellies
  4 orc wizards
  3 orc priests
  A centaur skeleton (D:4)
  Terence (D:2)
  2 worker ants (D:4)
  2 iguanas
  5 adders
  A gnoll (D:5)
  A river rat (D:3)
  A shadow imp (D:7)
  5 oozes
  5 worms
  4 dart slugs
  3 leopard geckos
  26 orcs
  3 giant cockroaches
  10 goblins
  6 hobgoblins
  4 jackals (Sewer)
  15 kobolds
  4 quokkas
  4 ball pythons
  17 bats
  6 frilled lizards
  A quokka zombie (D:7)
  13 rats
  A plant (D:2)
174 creatures vanquished.

Vanquished Creatures (others)
  A kobold (D:7)
1 creature vanquished.

Grand Total: 175 creatures vanquished

Notes
Turn   | Place    | Note
-------+----------+-------------------------------------------
     0 | D:1      | Larett the Gargoyle Arcane Marksman began the quest for the Orb.
     0 | D:1      | Reached XP level 1. HP: 12/12 MP: 2/2
   136 | D:1      | Reached skill level 2 in Slings
   242 | D:1      | Reached XP level 2. HP: 16/16 MP: 3/3
   517 | D:1      | Reached skill level 3 in Slings
   517 | D:1      | Reached XP level 3. HP: 20/20 MP: 4/4
  1194 | D:2      | Reached XP level 4. HP: 24/25 MP: 5/5
  1263 | D:2      | Gained mutation: You are agile. (Dex +2) [potion of mutation]
  1263 | D:2      | Gained mutation: You have sharp fingernails. [potion of mutation]
  1263 | D:2      | Gained mutation: Armour fits poorly on your strangely shaped body. [potion of mutation]
  1264 | D:2      | Gained mutation: You are covered in fur. (AC +1) [potion of mutation]
  1264 | D:2      | Gained mutation: You have very sharp teeth. [potion of mutation]
  1264 | D:2      | Lost mutation: You have sharp fingernails. [potion of mutation]
  1265 | D:2      | Lost mutation: Armour fits poorly on your strangely shaped body. [potion of mutation]
  1265 | D:2      | Gained mutation: You have a pair of small horns on your head. [potion of mutation]
  1265 | D:2      | Gained mutation: You have sharp toenails. [potion of mutation]
  1323 | D:2      | Reached skill level 4 in Slings
  1564 | D:2      | Noticed Terence
  1581 | D:2      | Killed Terence
  1806 | D:3      | HP: 1/25 [orc priest/divine providence (11)]
  1812 | D:3      | Reached XP level 5. HP: 2/29 MP: 6/6
  2052 | D:3      | Reached skill level 5 in Slings
  2303 | D:3      | Reached XP level 6. HP: 9/34 MP: 7/7
  2307 | D:3      | HP: 6/34 [orc/club (3)]
  2408 | D:3      | Found a glowing drain.
  2429 | Sewer    | Entered a sewer
  2449 | Sewer    | Reached skill level 6 in Slings
  3482 | D:4      | Noticed a phantom
  3529 | D:4      | Killed a phantom
  3529 | D:4      | Reached XP level 7. HP: 10/38 MP: 8/8
  3777 | D:4      | Reached skill level 7 in Slings
  4001 | D:4      | Noticed gribnar's ghost (amateur HOMo)
  4040 | D:4      | Killed gribnar's ghost
  4332 | D:4      | Reached skill level 8 in Slings
  4372 | D:4      | Reached XP level 8. HP: 37/43 MP: 9/9
  4403 | D:4      | Noticed Sigmund
  4420 | D:4      | Killed Sigmund
  4979 | D:5      | Entered Level 5 of the Dungeon
  5025 | D:5      | Reached skill level 9 in Slings
  5183 | D:5      | Noticed Drenieon's ghost (amateur DECj)
  5205 | D:5      | Killed Drenieon's ghost
  5464 | D:5      | Found a snail-covered altar of Cheibriados.
  5561 | D:5      | Found a stormy altar of Qazlal.
  5561 | D:5      | Found a shimmering altar of Xom.
  5681 | D:5      | You fall through a shaft for 2 floors!
  5890 | D:7      | Found a glowing silver altar of Zin.
  5944 | D:7      | Reached skill level 10 in Slings
  6164 | D:7      | Reached XP level 9. HP: 41/47 MP: 10/10
  6638 | D:7      | Reached skill level 1 in Short Blades
  6725 | D:7      | Found a blossoming altar of Fedhas.
  7013 | D:7      | Reached skill level 2 in Short Blades
  7086 | D:7      | Reached skill level 3 in Short Blades
  7110 | D:7      | Reached skill level 4 in Short Blades
  7133 | D:7      | Reached skill level 5 in Short Blades
  7450 | D:6      | HP: 6/47 [black bear (6)]
  7452 | D:6      | Killed from afar by an orc priest

Skill      XL: |  1  2  3  4  5  6  7  8  9 |
---------------+----------------------------+-----
Slings         | 2 3 4 5 6 8 10 | 10.7
Short Blades   | 5 |  5.1
Fighting       | |  1.1
Dodging        | |  1.5
Spellcasting   | |  1.0
Hexes          | |  2.6

Action                   |  1- 3 |  4- 6 |  7- 9 || total
-------------------------+-------+-------+-------++-------
Melee: Short sword       |       |   243 |   319 ||   562
       Kick              |       |    52 |    92 ||   144
       Headbutt          |       |    35 |    55 ||    90
       Bite              |       |    25 |    39 ||    64
 Fire: Hunting sling     |    78 |    33 |    67 ||   178
Throw: Tomahawk          |       |       |     8 ||     8
  Use: Scroll            |     3 |     4 |     3 ||    10
       Potion            |       |     6 |     4 ||    10
  Eat: Chunk             |       |     7 |     9 ||    16
       Bread ration      |       |       |     1 ||     1
       Pizza             |       |       |     1 ||     1
Armor: Robe              |     6 |       |       ||     6
       Ring mail         |     8 |   124 |   126 ||   258
       Plate armour      |       |       |    87 ||    87
Dodge: Dodged            |    20 |   119 |    95 ||   234
Block: Buckler           |    11 |    55 |    66 ||   132
       Reflection        |       |     1 |     2 ||     3
